Map: Ulrena

Players

SweetSensi

  • Race: Terran Terran
  • League: Diamond

Lexxanich - Winner!

  • Race: Protoss Protoss
  • League: Diamond

VOD

Have the link to the VOD?

Description

The angriest cheesy terran
Warning extreme language and salt. And Racism only uploading for reddit/teamliquid

Time

  • Played on: Nov. 28, 2015, 10:36 a.m.
  • Length: 12:49
Show
View Real Time Build Order
Export as new Build Order

SweetSensi Terran 

Build Orders:  

Get SALT Encoding   

  12  0:12  SCV  
  13  0:17  Supply Depot  
  13  0:45  Barracks  
  13  0:47  Barracks  
  13  0:52  Refinery  
  13  0:59  Refinery  
  13  1:06  SCV  
  14  1:21  SCV  
  15  1:34  Barracks Tech Lab  
  15  1:39  Reaper  
  16  1:48  Orbital Command  
  16  1:56  Concussive Shells  
  16  2:10  Marauder  
  18  2:21  SCV  
  18  2:22  Barracks Reactor  
  19  2:39  Marauder  
  21  3:00  Marine x2  
  23  3:16  Supply Depot  
  23  3:21  Marine x2, Marauder  
  23  3:34  Command Center  
  23  3:39  Marine x2  
  25  3:46  Marine  
  25  4:00  SCV  
  25  4:01  Marine  
  16  5:21  Command Center  
  8  5:53  Command Center  
  8  6:34  Orbital Command  
  8  6:52  Orbital Command  
  8  7:15  SCV  
  9  7:24  Engineering Bay  
  8  7:40  SCV  
  7  7:52  SCV  
  8  8:00  Engineering Bay  
  8  8:05  Command Center  
  8  8:13  Engineering Bay  
  8  8:14  SCV  
  7  8:20  Engineering Bay  
  5  8:30  Missile Turret  
  4  8:38  Engineering Bay  
  4  8:39  Engineering Bay  
  4  9:33  Engineering Bay  
  3  10:41  Engineering Bay  
  1  11:38  Missile Turret  
Show
View Real Time Build Order
Export as new Build Order

Lexxanich Protoss - Winner!

Build Orders: 1 Gate Expand 

Get SALT Encoding   

  12  0:01  Probe (Chrono Boost)  
  13  0:12  Probe (Chrono Boost)  
  14  0:20  Pylon  
  14  0:22  Probe (Chrono Boost)  
  15  0:38  Probe (Chrono Boost)  
  15  0:41  Gateway  
  16  0:48  Probe (Chrono Boost)  
  17  0:59  Probe (Chrono Boost)  
  18  1:16  Nexus  
  18  1:28  Assimilator x2  
  18  1:37  Cybernetics Core  
  18  1:48  Pylon  
  18  1:55  Probe (Chrono Boost)  
  19  2:05  Probe (Chrono Boost)  
  20  2:13  Adept  
  24  2:23  Mothership Core (Chrono Boost)  
  23  2:40  Adept  
  25  3:06  Probe (Chrono Boost), Pylon  
  25  3:07  Probe (Chrono Boost), Adept (Chrono Boost)  
  27  3:14  Warp Gate  
  27  3:15  Probe  
  26  3:24  Probe  
  26  3:25  Pylon  
  26  3:26  Probe  
  26  3:32  Adept (Chrono Boost)  
  29  3:37  Probe x2  
  31  3:51  Probe  
  31  3:52  Probe  
  35  3:56  Adept (Chrono Boost)  
  35  4:01  Probe  
  35  4:04  Probe  
  37  4:12  Probe  
  37  4:17  Probe  
  39  4:22  Probe  
  40  4:25  Adept (Chrono Boost)  
  40  4:29  Probe  
  41  4:33  Probe  
  41  4:36  Pylon  
  42  4:38  Pylon  
  42  4:39  Pylon  
  42  4:41  Probe  
  42  4:43  Probe  
  44  4:53  Probe  
  44  4:54  Probe  
  44  4:59  Gateway  
  46  5:00  Gateway  
  46  5:04  Probe  
  46  5:05  Probe  
  48  5:09  Assimilator  
  48  5:14  Assimilator  
  48  5:15  Probe  
  48  5:17  Probe  
  50  5:25  Probe  
  51  5:29  Probe  
  52  5:36  Probe  
  52  5:40  Gateway  
  52  5:41  Probe  
  54  5:43  Gateway  
  54  5:45  Gateway  
  54  5:47  Probe  
  55  5:53  Probe  
  56  5:57  Probe  
  56  6:03  Stalker x3  
  63  6:15  Nexus  
  63  6:17  Stargate  
  63  6:18  Pylon  
  63  6:19  Stargate  
  63  6:21  Pylon  
  63  6:23  Probe  
  63  6:24  Probe  
  65  6:33  Probe  
  65  6:36  Probe  
  67  6:44  Probe  
  68  6:48  Probe  
  68  6:50  Stalker x3  
  75  6:54  Probe  
  75  7:01  Probe  
  77  7:03  Phoenix x2  
  77  7:05  Probe  
  82  7:13  Probe  
  83  7:15  Probe  
  84  7:25  Probe  
  84  7:26  Probe  
  84  7:28  Phoenix x2  
  90  7:36  Probe  
  90  7:37  Probe  
  90  7:43  Probe  
  92  7:49  Probe  
  94  7:51  Assimilator  
  94  7:52  Assimilator  
  94  7:53  Pylon, Phoenix x2 (Chrono Boost)  
  98  8:15  Phoenix (Chrono Boost)  
  98  8:16  Phoenix (Chrono Boost)  
  102  8:37  Phoenix x2 (Chrono Boost)  
  106  8:59  Stalker x6, Phoenix x2 (Chrono Boost)  
  106  9:01  Pylon  
  122  9:13  Nexus, Pylon  
  122  9:16  Pylon  
  122  9:17  Pylon  
  122  9:19  Pylon  
  122  9:20  Pylon  
  122  9:21  Pylon, Phoenix x2 (Chrono Boost)  
  126  9:30  Stalker x3  
  132  9:42  Phoenix x2 (Chrono Boost)  
  136  10:06  Nexus  
  136  10:07  Pylon  
  136  10:08  Void Ray x2 (Chrono Boost)  
  136  10:14  Pylon  
  144  10:16  Assimilator  
  144  10:18  Assimilator  
  144  10:21  Stalker x4  
  144  10:22  Stalker x2  
  156  10:45  Void Ray x2 (Chrono Boost)  
  164  10:53  Stalker  
  164  10:54  Stalker x5  
  176  11:22  Void Ray x2 (Chrono Boost)  
  184  11:52  Stalker x3  
  184  11:53  Stalker x3  
  196  11:59  Void Ray (Chrono Boost)  
  200  12:25  Nexus  
  200  12:28  Pylon x2  
  200  12:30  Pylon  
  200  12:32  Pylon  
  200  12:33  Pylon  
  200  12:37  Pylon  
  200  12:39  Pylon  
  200  12:40  Pylon  
Tags
 
Add a new tag
Caveats
  • Supply blocks, unpowered buildings, or Contaminate may cause inaccurate times.
  • Supply counts are checked every 10 seconds.